 Dungeon Crawl Stone Soup version 0.28.0-53-g5a82cb258f (webtiles) character file.

Game seed: 7755912359968326197

52 DemonSlayer the Firebug (level 3, -2/24 HPs)
             Began as a Demonspawn Fire Elementalist on Aug 11, 2022.
             Slain by a gnoll
             ... wielding a +0 spear
              (8 damage)
             ... on level 1 of the Dungeon.
             The game lasted 00:03:33 (2402 turns).

DemonSlayer the Firebug (DsFE)                      Turns: 2402, Time: 00:03:33

Health: -2/24      AC:  2    Str:  8    XL:     3   Next: 60%
Magic:  5/6        EV: 12    Int: 18    God:
Gold:   42         SH:  0    Dex: 13    Spells: 1/7 levels left

rFire   . . .      SeeInvis .   h - +4 dagger (venom)
rCold   . . .      Faith    .   (no shield)
rNeg    . . .      Spirit   .   a - +0 robe
rPois   .          Reflect  .   (helmet restricted)
rElec   .          Harm     .   (no cloak)
rCorr   .          Rampage  .   (no gloves)
Will    .....                   (no boots)
Stlth   ++........              (no amulet)
HPRegen 0.08/turn               (no ring)
MPRegen 0.10/turn               (no ring)

@: no status effects
A: antennae 1
a: no special abilities


You were on level 1 of the Dungeon.
You visited 1 branch of the dungeon, and saw 2 of its levels.

You collected 42 gold pieces.

Inventory:

Hand Weapons
 h - a +4 dagger of venom (weapon)
Armour
 a - a +0 robe (worn)
Scrolls
 d - a scroll of identify {unknown}
 f - 2 scrolls of noise {unknown}
Potions
 b - a potion of lignification {unknown}
 e - a potion of curing {unknown}
 g - a potion of flight {unknown}


   Skills:
 + Level 0.4 Short Blades
 + Level 2.0 Dodging
 + Level 1.8 Stealth
 + Level 2.5 Spellcasting
 + Level 1.5 Conjurations
 + Level 3.3 Fire Magic


You had one spell level left.
You knew the following spells:

 Your Spells              Type           Power      Damage    Failure   Level
a - Foxfire               Conj/Fire      44%        2x1d6     6%          1
b - Scorch                Fire           28%        2d6       6%          2
c - Tukima's Dance        Hex            2%         N/A       45%         3

Your spell library contained the following spells:

 Spells                   Type           Power      Damage    Failure   Level
 Conjure Flame            Conj/Fire      11%        6-21      19%         3
 Inner Flame              Hex/Fire       8%         N/A       26%         3
 Flame Wave               Conj/Fire      11%        2d5       52%         4
 Anguish                  Hex/Necr       1%         N/A       86%         4
 Animate Dead             Necr           1%         N/A       86%         4
 Enfeeble                 Hex            1%         N/A       100%        7
 Haunt                    Necr/Summ      1%         N/A       100%        7
 Infestation              Necr           1%         N/A       100%        8


Dungeon Overview and Level Annotations

Branches:
Dungeon (2/15)

Altars:

Shops:
D:2 *


Innate Abilities, Weirdness & Mutations

You have a pair of small antennae on your head.


Message History

You open the door.
There is an open door here.
You enter the shallow water.
Moving in this stuff is going to be slow.
There is an open door here.
You open the door.
There is an open door here.
There is an open door here.
Done exploring.
Done exploring.
Done exploring.
Done exploring.
Done exploring.
No target in view!
This spell is potentially lethal to cast!
Memorise Tukima's Dance, consuming 3 spell levels and leaving 1?
You start memorising the spell.
You continue memorising. x3
You finish memorising.
Spell assigned to 'c'.
Unknown command.
There is a stone staircase leading up here.
You climb upwards.
The gnoll hits you from afar with a +0 spear.
There is a stone staircase leading down, spattered with blood here.
You conjure some foxfire!
The gnoll hits you from afar with a +0 spear.
You conjure some foxfire!
The gnoll hits you from afar with a +0 spear!
You are too injured to fight recklessly!
You are too injured to fight recklessly!
You are too injured to fight recklessly!
You are too injured to fight recklessly!
Unknown command.
Your foxfire dissipates!
Your foxfire dissipates!
Your foxfire dissipates! x2
The gnoll hits you from afar with a +0 spear.
* * * LOW HITPOINT WARNING * * *
The gnoll misses you.
The gnoll hits you from afar with a +0 spear!
You die...

#.........#########
#.....(##..{g..._.###############
##........######.............(...
#.....##.....##############...##
#.....####>.....# #..### #.....#
#......## #.## #.....# #.......#
#.# #.....# #...g...### #.#
#.....# #.....@...# #.# ####..#
#......##.#### #)#
#..####......##....####.#####
#....##......#####..........#
###...######## ###.######..
#...###### #...# ### #...##...#
##.### #.>.''.<.# #..# #...##...#
##.##


You could see a gnoll.

Vanquished Creatures
  2 adders (D:2)
  A worm (D:2)
  A dart slug (D:2)
  2 endoplasms (D:1)
  A giant cockroach (D:2)
  3 hobgoblins
  2 jackals (D:2)
  A quokka (D:1)
  2 ball pythons (D:2)
  5 bats
  3 frilled lizards
  4 kobolds
  4 rats
31 creatures vanquished.

Vanquished Creatures (others)
  135 foxfires
135 creatures vanquished.

Grand Total: 166 creatures vanquished

Notes
Turn   | Place    | Note
-------+----------+-------------------------------------------
     0 | D:1      | DemonSlayer the Demonspawn Fire Elementalist began the
                  | quest for the Orb.
     0 | D:1      | Reached XP level 1. HP: 13/13 MP: 3/3
   103 | D:1      | Found a faded altar of an unknown god.
   389 | D:1      | Reached skill level 3 in Fire Magic
   429 | D:1      | Gained mutation: You have a pair of small antennae on your
                  | head. [demonic ancestry]
   429 | D:1      | Reached XP level 2. HP: 17/19 MP: 0/5
   433 | D:1      | Learned a level 2 spell: Scorch
  1080 | D:2      | Found Piosh's Assorted Antiques.
  1296 | D:2      | Reached XP level 3. HP: 24/24 MP: 0/6
  2361 | D:2      | Learned a level 3 spell: Tukima's Dance
  2402 | D:1      | Slain by a gnoll

Illustrated notes

Levels and vault maps discovered:
D:1:      dpeg_arrival_simpleton_b, layout_rooms, basic_ecumenical_altar
D:2:      layout_basic, serial_shops, shop, chequers_serial_rivers_room_b,
          minmay_indecisive_spiral

Skill      XL: |  1  2 |
---------------+-------+-----
Fire Magic     | 3 |  3.3
Dodging        | 2 |  2.0
Short Blades   | |  0.4
Stealth        | |  1.8
Spellcasting   | |  2.5
Conjurations   | |  1.5

Action                   || total
-------------------------++-------
Melee: Short sword       ||    36
       Dagger            ||     6
 Cast: Foxfire           ||    84
 Stab: Sleeping          ||     2
Armor: Robe              ||     8
Dodge: Dodged            ||    47
